 Dungeon Crawl Stone Soup version 0.30-a0-272-gf98c3da03f (console) character file.

Game seed: 14790621001660200454

420244 jejorda2 the Merfolkian Porcupine (level 23, -3/197 (201) HPs)
             Began as a Merfolk Berserker on Oct 15, 2022.
             Was a High Priest of Trog.
             Slain by a tengu reaver
             ... wielding a +0 great mace
              (9 damage)
             ... on level 5 of the Vaults on Oct 16, 2022.
             The game lasted 02:48:03 (47174 turns).

jejorda2 the Merfolkian Porcupine (MfBe)           Turns: 47174, Time: 02:48:04

HP:   -3/197 (201)  AC: 37    Str: 29    XL:     23   Next: 69%
MP:   32/32         EV: 11    Int: 10    God:    Trog [*****.]
Gold: 4449          SH:  0    Dex: 13    Spells: 22/22 levels left

rFire   + . .      SeeInvis .    a - +5 lochaber axe {reach-cleave, poleaxe Drain}
rCold   + + .      Faith    .    (shield currently unavailable)
rNeg    + + .      Spirit   .    n - +1 crystal plate armour {rC+}
rPois   +          Reflect  .    x - +3 helmet of Follow the Leader {Drain rElec rF- rN++}
rElec   +          Harm     .    f - scarf {rC+ rF+}
rCorr   .          Rampage  .    G - +2 pair of gloves
Will    +++++                    p - +1 pair of boots of the Twelve Portals {rF+ Str+4 Slay+3}
Stlth   ..........               V - amulet of regeneration
HPRegen 2.32/turn                z - ring "Beilutru" {Will++ MP+9}
MPRegen 0.23/turn                d - ring of poison resistance

@: strong-willed, on berserk cooldown, regenerating, slowed, studying Ranged
Weapons, lightly drained, very slow
A: (nimble swimmer 2), mertail
}: 2/15 runes: decaying, serpentine
a: Renounce Religion, Berserk, Trog's Hand, Brothers in Arms


You were on level 5 of the Vaults.
You worshipped Trog.
Trog was extremely pleased with you.
You visited 7 branches of the dungeon, and saw 38 of its levels.
You visited the Abyss 1 time.
You also visited: Ossuary, Gauntlet, Ice Cave and Volcano.

You collected 5459 gold pieces.
You spent 1010 gold pieces at shops.

Inventory:

Hand Weapons
 a - the +5 lochaber axe (weapon) {reach-cleave, poleaxe Drain}
   (You bought it in a shop on level 14 of the Dungeon)

   It can be evoked to extend its reach, and strikes at all foes within reach,
   dealing less damage to those not targeted.
   It uses either Axes or Polearms skill, whichever is higher.
   Drain:     It drains your maximum health when unequipped.
 b - the +8 halberd "Geryt" {flame, *Corrode rC++ Str+6}
   (You found it on level 5 of the Lair of Beasts)

   It burns those it strikes, dealing additional fire damage.
   Big, fiery blades are also staple armaments of hydra-hunters.
   Str:       It affects your strength (+6).
   rC:        It greatly protects you from cold.
   *Corrode:  It may corrode you when you take damage.
Missiles
 h - 2 datura-tipped darts
 l - 57 poisoned darts
 q - 11 curare-tipped darts
 w - 20 boomerangs (quivered)
 F - 2 silver boomerangs
 I - 8 boomerangs of dispersal
 U - 6 silver javelins
 W - 4 throwing nets
Armour
 f - a scarf of resistance (worn)
 n - a +1 crystal plate armour of cold resistance (worn)
 p - the +1 pair of boots of the Twelve Portals (worn) {rF+ Str+4 Slay+3}
   (You acquired it on level 10 of the Dungeon)

   Str:       It affects your strength (+4).
   Slay:      It affects your accuracy & damage with ranged weapons and melee
   (+3).
   rF:        It protects you from fire.
 x - the +3 helmet of Follow the Leader (worn) {Drain rElec rF- rN++}
   (You found it on level 6 of the Dungeon)

   rF:        It makes you vulnerable to fire.
   rElec:     It insulates you from electricity.
   rN:        It greatly protects you from negative energy.
   Drain:     It drains your maximum health when unequipped.
 G - a +2 pair of gloves (worn)
Jewellery
 c - a ring of flight
 d - a ring of poison resistance (right hand)
 v - an amulet of faith
 z - the ring "Beilutru" (left hand) {Will++ MP+9}
   (You found it in a Gauntlet)

   [ring of magical power]

   MP:        It affects your magic capacity (+9).
   Will:      It greatly increases your willpower.
 O - a ring of resist corrosion
 V - an amulet of regeneration (around neck)
 Z - the ring "Teejy" {rN+ Str+3 SInv}
   (You took it off a deep elf demonologist on level 3 of the Elven Halls)

   [ring of see invisible]

   Str:       It affects your strength (+3).
   rN:        It protects you from negative energy.
   SInv:      It lets you see invisible.
Wands
 u - a wand of flame (115)
 y - a wand of iceblast (34)
 J - a wand of charming (31)
 M - a wand of quicksilver (21)
 Q - a wand of mindburst (4)
 S - a wand of digging (35)
 X - a wand of polymorph (9)
Scrolls
 e - 18 scrolls of teleportation
 g - 6 scrolls of butterflies
 i - a scroll of summoning
 k - 5 scrolls of magic mapping
 m - 2 scrolls of silence
 r - 12 scrolls of immolation
 C - 8 scrolls of blinking
 K - 6 scrolls of fear
 T - a scroll of poison
Potions
 o - 8 potions of heal wounds
 t - 11 potions of haste
 A - 4 potions of might
 B - 19 potions of curing
 D - 8 potions of mutation
 E - 7 potions of cancellation
 H - 4 potions of attraction
 L - a potion of invisibility
 N - 6 potions of flight
 P - 2 potions of resistance
 R - 2 potions of ambrosia
Miscellaneous
 j - a tin of tremorstones (2/2)
 s - a lightning rod (4/4)
 Y - a phial of floods


   Skills:
 + Level 21.5 Fighting
 O Level 27 Polearms
 - Level 16.0 Throwing
 * Level 18.1 Armour
 + Level 12.5 Dodging
 - Level 3.0 Stealth
 - Level 10.0 Evocations


You had 22 spell levels left.
You didn't know any spells.
Your spell library was empty.

Dungeon Overview and Level Annotations

Branches:
Dungeon (15/15)            Temple (0/1) D:6            Lair (5/5) D:10
  Swamp (4/4) Lair:3        Snake (4/4) Lair:3        Slime (0/5) Lair:4
    Orc (2/2) D:11            Elf (3/3) Orc:2        Vaults (5/5) D:14
  Crypt (0/3) Vaults:3     Depths (0/4) D:15        Ossuary (visited)
  IceCv (visited)         Volcano (visited)         Gauntlet (visited)

Altars:
Dithmenos
Elyvilon
Gozag
Hepliaklqana
Kikubaaqudgha
Makhleb
Nemelex Xobeh
Qazlal
Trog
Uskayaw
Vehumet
Xom
Yredelemnul
Jiyva

Shops:
D:4 =:   D:9 =:*   D:14 (   Orc:2 ?[*?   Elf:1 *([   Elf:2 (   Snake:1 (
Vaults:3 =

Portals:
Hell: Lair:5
Abyss: Snake:1

Annotations:
Snake:1 2 transporters, Fatiaw's ghost, adept OpTm


Innate Abilities, Weirdness & Mutations

((You are very nimble when in or above water. (Stealth+, EV+, Speed+++)))
Your lower body shifts to a powerful aquatic tail in water.


Message History

* * * LOW HITPOINT WARNING * * *
The tengu reaver pecks you but does no damage.
The tengu reaver claws you but does no damage.
The shadow dragon barely misses you.
The shadow dragon claws you but does no damage.
The shadow dragon claws you.
* * * LOW HITPOINT WARNING * * *
You miss the tengu reaver.
The tengu reaver is almost dead.
You hit the shadow dragon.
The tengu reaver drinks a potion.
The tengu reaver seems to grow stronger.
The shadow dragon bites you but does no damage.
The shadow dragon barely misses you. The shadow dragon claws you!
* * * LOW HITPOINT WARNING * * *
You barely miss the tengu reaver.
The tengu reaver is almost dead.
You slice the shadow dragon!!
The tengu reaver gestures at you while chanting.
The bolt of cold hits you!! You resist.
* * * LOW HITPOINT WARNING * * *
The bolt of cold hits the shadow dragon!
The shadow dragon resists.
The shadow dragon bites you.
* * * LOW HITPOINT WARNING * * *
You partially resist.
You feel drained.
The shadow dragon claws you but does no damage. x2
Unknown command.
You feel much better.
The tengu reaver hits you with a +0 great mace!
* * * LOW HITPOINT WARNING * * *
The tengu reaver pecks you but does no damage.
The tengu reaver claws you!
* * * LOW HITPOINT WARNING * * *
The shadow dragon bites you but does no damage.
The shadow dragon closely misses you.
The shadow dragon claws you but does no damage.
The tengu reaver hits you with a +0 great mace!
* * * LOW HITPOINT WARNING * * *
The tengu reaver pecks you but does no damage.
The tengu reaver claws you!
You die...

######################
........).............
......)).............
#######...[..).#########
......).D.......#
.......@#....#..#
######Q(#....##...
....#....# #.#.
......#....# .# #
##..#..#...^# .#
....#..#....# ....
#..#....# ..#. #..#


You could see a shadow dragon and a tengu reaver (strong).

Vanquished Creatures
  2 dread liches (Vaults:5)
  Boris (Vaults:4)
  The ghost of slphil the Warrior, a veteran DjFE of Makhleb (Vaults:1)
  Frederick (Vaults:2)
  A golden dragon (Vaults:5)
  A tentacled monstrosity (Vaults:5)
  Asterion (Vaults:3)
  A lich (Abyss:2)
  Jorgrun (Swamp:1)
  An Ice Fiend (IceCv)
  3 deep elf blademasters
  A titan (Vaults:5)
  2 quicksilver dragons (Snake:4)
  A deep elf master archer (Elf:3)
  The ghost of CertainDeath the Fencer, an adept MiMo of the Shining One (Snake:4)
  Frances (Snake:2)
  Gastronok (D:8)
  A tengu reaver (Vaults:5)
  The ghost of hikkokomori the Spry, an adept TeBe of Trog (Snake:4)
  2 shadow dragons (Vaults:5)
  A storm dragon (Vaults:5)
  A storm dragon (shapeshifter) (D:14)
  Donald (Elf:3)
  4 thorn hunters (Swamp:4)
  A fenstrider witch (Swamp:2)
  6 nagarajas (Snake:4)
  A fire giant (Vaults:5)
  An iron dragon (Vaults:5)
  4 frost giants
  3 deep elf sorcerers
  17 vault wardens
  A cacodemon (Gauntlet)
  Aizul (Snake:2)
  19 ironbound preservers
  4 orc warlords
  A draconian stormcaller (Abyss:2)
  3 war gargoyles (Vaults:5)
  15 very ugly things
  4 stone giants (Vaults:5)
  A deep elf elementalist (Elf:3)
  7 ironbound thunderhulks
  An eleionoma (Swamp:4)
  Nessos (Orc:2)
  15 dire elephants
  7 bunyips
  11 deep elf demonologists
  9 deep elf annihilators
  A minotaur (Gauntlet)
  6 deep elf death magi (Elf:3)
  A fire dragon (D:15)
  8 ettins
  An entropy weaver (Vaults:2)
  An eidolon (Vaults:3)
  Fannar (Lair:3)
  10 great orbs of eyes
  10 yaktaur captains
  2 deep elf high priests (Elf:3)
  30 hydras
  26 vault guards
  2 rakshasas
  3 salamander tyrants
  2 catoblepae
  Harold (Orc:1)
  5 two-headed ogres
  A death knight (D:14)
  2 ghost crabs
  14 centaur warriors
  13 ironbound frosthearts
  25 dancing weapons
  A deep troll shaman (Vaults:5)
  A death yak (Lair:5)
  3 alligators
  13 anacondas
  6 boulder beetles
  8 naga warriors
  A hell hog (Abyss:2)
  2 tengu warriors
  2 deep troll earth magi (Vaults:5)
  Sonja (Orc:1)
  6 orc high priests
  9 shock serpents
  12 naga sharpshooters
  3 iron trolls (Vaults:5)
  18 deep elf knights
  A fire crab (Gauntlet)
  2 thrashing horrors (Abyss:2)
  3 salamander mystics
  A sixfirhy (Lair:5)
  A wretched star (Abyss:2)
  4 goliath frogs
  A sea snake (shapeshifter) (Vaults:3)
  A sea snake (Snake:2)
  A glowing orange brain (Vaults:2)
  5 naga ritualists
  14 swamp dragons
  2 spriggan druids
  An obsidian statue (IceCv)
  8 spriggan simulacra (IceCv)
  11 ironbound convokers
  7 bog bodies
  56 deep trolls
  3 phantasmal warriors
  7 wizards
  3 harpies (Vaults:2)
  16 deep elf archers
  17 orc knights
  5 starcursed masses (Abyss:2)
  6 lindwurms
  A necromancer (Vaults:3)
  8 mana vipers
  19 deep elf zephyrmancers
  36 deep elf pyromancers
  27 ugly things
  17 salamanders
  5 cyclopes
  3 manticores
  4 orc sorcerers (Orc:2)
  3 will-o-the-wisps
  A moth of wrath (shapeshifter) (D:15)
  8 elephants
  2 worldbinders (Abyss:2)
  Joseph (D:8)
  27 black mambas
  19 vault sentinels
  Maurice (Orc:1)
  2 orange demons (Lair:5)
  9 guardian serpents
  13 naga magi
  2 gargoyles
  A smoke demon (Abyss:2)
  A torpor snail (Gauntlet)
  16 cane toads
  2 unseen horrors
  61 yaktaurs
  A hellwing (Lair:5)
  2 kobold demonologists (D:12)
  3 rime drakes (Lair:5)
  Psyche (D:8)
  5 freezing wraiths
  A tengu conjurer (D:15)
  6 ice devils
  An ancient zyme (Abyss:2)
  13 komodo dragons
  An anaconda simulacrum (IceCv)
  A red devil (Lair:5)
  7 trolls
  3 burning bushes (Lair:5)
  A wind drake (shapeshifter) (D:14)
  2 bloated husks (Swamp:3)
  4 polar bears
  37 slime creatures
  10 tyrant leeches
  9 raiju (Abyss:2)
  5 hornets
  Grinder (D:6)
  19 blink frogs
  10 dream sheep
  A large abomination (Abyss:2)
  4 spriggans
  A vampire (D:14)
  2 air elementals
  2 shadows
  2 dire elephant simulacra (IceCv)
  A ynoxinul (Abyss:2)
  3 wraiths
  5 wyverns
  4 fire bats
  3 water elementals
  6 fire elementals
  41 yaks
  11 minotaur simulacra (IceCv)
  3 redbacks
  7 basilisks
  5 steam dragons
  3 neqoxecs (Gauntlet)
  Menkaure (D:4)
  3 small abominations (Abyss:2)
  25 vampire mosquitoes
  2 wargs
  19 swamp worms
  3 harpy simulacra (IceCv)
  4 acid dragons
  36 nagas
  2 two-headed ogre zombies (D:11)
  A hydra simulacrum (IceCv)
  14 water moccasins
  7 hell hounds
  An ice beast (D:6)
  27 orc warriors
  3 alligator simulacra (IceCv)
  11 swamp drakes
  An ettin simulacrum (IceCv)
  10 wolves
  7 ogres
  11 centaurs (D:13)
  3 phantoms
  4 kobold brigands
  5 bullfrogs
  A gnoll sergeant (D:12)
  3 earth elementals (Elf:2)
  8 deep troll simulacra (IceCv)
  4 scorpions
  A necrophage (D:5)
  10 wights
  A troll zombie (D:11)
  21 killer bees (D:9)
  3 lindwurm simulacra (IceCv)
  2 electric eels
  9 howler monkeys
  A jelly (D:7)
  An iron imp (Abyss:2)
  A gnoll bouda (Orc:1)
  29 orc priests
  3 hounds
  3 iguanas
  23 orc wizards
  7 hell rats (Lair:5)
  5 ogre zombies (D:11)
  8 mummies (Ossuary)
  8 adders
  9 gnolls
  A shadow imp (D:5)
  A white imp (D:8)
  7 worms
  3 dart slugs
  48 orcs
  8 endoplasms
  5 giant cockroaches
  A gnoll zombie (Ossuary)
  7 goblins
  8 hobgoblins
  4 jackals (D:3)
  6 quokkas
  5 ball pythons
  5 bats
  7 frilled lizards
  A goblin skeleton (D:11)
  3 goblin zombies (D:11)
  2 hobgoblin skeletons (D:11)
  5 hobgoblin zombies
  31 kobolds
  2 orc skeletons (D:11)
  19 orc zombies
  9 rats (D:1)
  A spectral orc (D:7)
  7 briar patches (Swamp:4)
1685 creatures vanquished.

Vanquished Creatures (collateral kills)
  A deep elf master archer (Elf:3)
  2 vault wardens
  A yaktaur captain (Vaults:3)
  A vault guard (Vaults:3)
  A naga warrior (Abyss:2)
  A wizard (Vaults:3)
  2 ironbound convokers
  2 deep elf zephyrmancers (Elf:3)
  A vault sentinel (Vaults:5)
  A yaktaur (Vaults:3)
  A red devil (Lair:5)
  A raiju (Abyss:2)
  4 dream sheep (Lair:5)
  2 large abominations (Abyss:2)
  2 yaks (Lair:5)
  A naga (Abyss:2)
  A hell hound (Lair:5)
25 creatures vanquished.

Vanquished Creatures (others)
  An orc priest (Orc:2)
  2 orcs (D:8)
  2 briar patches (Swamp:4)
  A bush (Lair:5)
  10 foxfires
  34 fungi
  A lurking horror (Abyss:2)
  40 plants
91 creatures vanquished.

Grand Total: 1801 creatures vanquished

Notes
Turn   | Place    | Note
-------+----------+-------------------------------------------
     0 | D:1      | jejorda2 the Merfolk Berserker began the quest for the Orb.
     0 | D:1      | Reached XP level 1. HP: 18/18 MP: 1/1
    31 | D:1      | Found a faded altar of an unknown god.
    87 | D:1      | Reached XP level 2. HP: 24/24 MP: 2/2
   557 | D:1      | Reached XP level 3. HP: 28/29 MP: 3/3
   742 | D:2      | Reached skill level 5 in Polearms
   751 | D:2      | Reached ** piety under Trog
  1102 | D:2      | Reached XP level 4. HP: 32/37 MP: 4/4
  1738 | D:3      | Found a white marble altar of Elyvilon.
  1821 | D:3      | Reached XP level 5. HP: 42/42 MP: 5/5
  2137 | D:3      | Reached skill level 6 in Polearms
  2476 | D:4      | Found Veng's Jewellery Emporium.
  2501 | D:4      | Reached *** piety under Trog
  2531 | D:4      | Identified the +5 chain mail of Enilib {rPois Dex-5 Stlth+}
  2623 | D:4      | Reached XP level 6. HP: 49/49 MP: 6/6
  2911 | D:4      | Found Qoejodya's Book Emporium.
  2911 | D:4      | Noticed Menkaure
  2924 | D:4      | Killed Menkaure
  2925 | D:4      | Reached skill level 7 in Polearms
  2929 | D:4      | HP: 2/75 [scorpion (2)]
  2932 | D:4      | Reached skill level 5 in Fighting
  3125 | D:4      | Found a shimmering altar of Xom.
  3381 | D:5      | Entered Level 5 of the Dungeon
  3396 | D:5      | Found a sand-covered staircase.
  3401 | Ossuary  | Entered an ossuary
  3452 | Ossuary  | Reached XP level 7. HP: 55/56 MP: 7/7
  3697 | Ossuary  | Reached skill level 8 in Polearms
  4530 | D:5      | Noticed a two-headed ogre
  4538 | D:5      | Reached skill level 9 in Polearms
  4538 | D:5      | Reached XP level 8. HP: 64/64 MP: 8/8
  4551 | D:5      | Killed a two-headed ogre
  4552 | D:5      | Reached skill level 11 in Polearms
  4882 | D:6      | Identified the +3 helmet of Follow the Leader {Drain rElec
                  | rF- rN++}
  4892 | D:6      | Found a staircase to the Ecumenical Temple.
  4976 | D:6      | Noticed Grinder
  4987 | D:6      | Killed Grinder
  4988 | D:6      | Reached XP level 9. HP: 69/69 MP: 9/9
  5127 | D:6      | Reached skill level 12 in Polearms
  5845 | D:7      | Reached skill level 5 in Armour
  5930 | D:7      | Noticed a gargoyle
  5944 | D:7      | Killed a gargoyle
  5945 | D:7      | Reached skill level 13 in Polearms
  5997 | D:7      | Reached **** piety under Trog
  6347 | D:7      | Reached skill level 14 in Polearms
  6980 | D:7      | Found a basalt altar of Yredelemnul.
  7003 | D:8      | Noticed Gastronok
  7034 | D:8      | Noticed a hornet
  7044 | D:8      | Killed a hornet
  7045 | D:8      | Reached XP level 10. HP: 75/76 MP: 10/10
  7286 | D:8      | Found a radiant altar of Vehumet.
  7288 | D:8      | Found a shadowy altar of Dithmenos.
  7425 | D:8      | Reached skill level 15 in Polearms
  7584 | D:8      | Noticed Psyche
  7604 | D:8      | Killed Gastronok
  7605 | D:8      | Reached skill level 16 in Polearms
  7609 | D:8      | Killed Psyche
  7709 | D:8      | Noticed Joseph
  7726 | D:8      | Killed Joseph
  7727 | D:8      | Reached skill level 17 in Polearms
  8072 | D:8      | Found a stormy altar of Qazlal.
  8333 | D:9      | Found Duigas's Book Boutique.
  8466 | D:9      | Found Hanuat's Jewellery Boutique.
  8574 | D:9      | Found an ancient bone altar of Kikubaaqudgha.
  8587 | D:9      | Reached XP level 11. HP: 76/81 MP: 11/11
  8666 | D:9      | Reached skill level 18 in Polearms
  8818 | D:9      | Found Hestax's Assorted Antiques.
  8911 | D:9      | Found a sparkling altar of Nemelex Xobeh.
  8911 | D:9      | Found an opulent altar of Gozag.
  8989 | D:9      | Noticed a two-headed ogre
  8999 | D:9      | Killed a two-headed ogre
  9367 | D:10     | Entered Level 10 of the Dungeon
  9369 | D:10     | Identified a scroll of acquirement
  9369 | D:10     | Acquired the +1 pair of boots of the Twelve Portals {rF+
                  | Str+4 Slay+3}
  9497 | D:10     | Reached skill level 19 in Polearms
  9699 | D:10     | Found a bloodstained altar of Trog.
  9937 | D:10     | Found a hazy altar of Hepliaklqana.
 10151 | D:10     | Reached skill level 1 in Throwing
 10151 | D:10     | Reached skill level 1 in Stealth
 10173 | D:10     | Reached skill level 20 in Polearms
 10262 | D:10     | Found a staircase to the Lair.
 10430 | D:11     | Noticed a brown ugly thing
 10447 | D:11     | Killed a brown ugly thing
 10631 | D:11     | Noticed a two-headed ogre
 10677 | D:11     | Killed a two-headed ogre
 10678 | D:11     | Reached skill level 1 in Evocations
 10869 | D:11     | Reached XP level 12. HP: 89/89 MP: 12/12
 11017 | D:11     | Found a staircase to the Orcish Mines.
 11063 | D:11     | Reached ***** piety under Trog
 11550 | Lair:1   | Entered Level 1 of the Lair of Beasts
 12382 | Lair:1   | Reached skill level 5 in Throwing
 12581 | Lair:2   | Received a gift from Trog
 13427 | Lair:3   | Noticed a catoblepas
 13427 | Lair:3   | Noticed Fannar
 13559 | Lair:3   | Reached skill level 10 in Fighting
 13571 | Lair:3   | Reached skill level 5 in Evocations
 13644 | Lair:3   | You fall into a shaft and drop 2 floors!
 13644 | Lair:5   | Entered Level 5 of the Lair of Beasts
 13645 | Lair:5   | Noticed an eight-headed hydra
 13673 | Lair:5   | Killed an eight-headed hydra
 13682 | Lair:5   | Reached XP level 13. HP: 77/104 MP: 13/13
 14062 | Lair:5   | Identified the +8 halberd "Geryt" {flame, *Corrode rC++
                  | Str+6}
 14181 | Lair:5   | Found a dark tunnel.
 14299 | Volcano  | Entered a volcano
 14375 | Volcano  | Reached skill level 10 in Throwing
 14392 | Volcano  | Reached XP level 14. HP: 68/115 MP: 14/14
 14856 | Lair:5   | Noticed a dire elephant
 14871 | Lair:5   | Killed a dire elephant
 15064 | Lair:5   | Found a burning altar of Makhleb.
 15205 | Lair:5   | Found a gateway to Hell.
 15765 | Lair:4   | Found a staircase to the Slime Pits.
 15765 | Lair:4   | Found a viscous altar of Jiyva.
 15951 | Lair:4   | Received a gift from Trog
 16840 | Lair:3   | Reached skill level 5 in Dodging
 16937 | Lair:3   | Found a staircase to the Swamp.
 17051 | Lair:3   | Killed Fannar
 17226 | Lair:3   | Found a staircase to the Snake Pit.
 18850 | D:13     | Reached XP level 15. HP: 92/124 MP: 5/15
 19553 | D:13     | Found a hide-covered altar of Uskayaw.
 19904 | D:14     | Received a gift from Trog
 19947 | Abyss:2  | Cast into level 2 of the Abyss (a wizard)
 20449 | Abyss:2  | Noticed a lich
 20459 | Abyss:2  | Killed a lich
 20508 | Abyss:2  | Noticed a white draconian stormcaller
 20519 | Abyss:2  | Killed a white draconian stormcaller
 20523 | D:14     | Escaped the Abyss
 21034 | D:14     | Found a gate to the Vaults.
 21063 | D:14     | Reached skill level 10 in Armour
 21420 | D:14     | Found Qucuum's Antique Weapon Emporium.
 21495 | D:14     | Bought the +5 lochaber axe {reach-cleave, poleaxe Drain}
                  | for 778 gold pieces
 21495 | D:14     | Found the +5 lochaber axe {reach-cleave, poleaxe Drain}
 21624 | D:14     | Noticed a storm dragon
 21635 | D:14     | Killed a storm dragon
 21636 | D:14     | Reached XP level 16. HP: 134/134 MP: 16/16
 21844 | D:15     | Entered Level 15 of the Dungeon
 22224 | D:15     | Found a staircase to the Depths.
 22292 | D:15     | Reached skill level 21 in Polearms
 22449 | D:15     | Found a hazy altar of Hepliaklqana.
 22979 | Orc:1    | Entered Level 1 of the Orcish Mines
 23138 | Orc:2    | Entered Level 2 of the Orcish Mines
 23141 | Orc:2    | Found a gate leading to a gauntlet.
 23145 | Orc:2    | Received a gift from Trog
 23172 | Gauntlet | Entered a Gauntlet
 23172 | Gauntlet | Found a transporter.
 23195 | Gauntlet | Found a transporter.
 23210 | Gauntlet | Found a transporter.
 23215 | Gauntlet | Found a transporter.
 23230 | Gauntlet | Found a transporter.
 23249 | Gauntlet | Found a transporter.
 23261 | Gauntlet | Found a transporter.
 23273 | Gauntlet | Found a transporter.
 23279 | Gauntlet | Found a transporter.
 23279 | Gauntlet | Found a transporter.
 23294 | Gauntlet | Found a transporter.
 23306 | Gauntlet | Found a transporter.
 23312 | Gauntlet | Found a transporter.
 23312 | Gauntlet | Found a transporter.
 23351 | Gauntlet | Found a transporter.
 23376 | Gauntlet | Found a transporter.
 23378 | Gauntlet | Found a transporter.
 23398 | Gauntlet | Found a transporter.
 23668 | Gauntlet | a fire giant changed into an azure jelly
 23668 | Gauntlet | Noticed an azure jelly (shapeshifter)
 23674 | Gauntlet | Identified the +6 scimitar of Conformity {freeze, rPois rF+
                  | rCorr SInv}
 23733 | Gauntlet | Identified the ring "Beilutru" {Will++ MP+9}
 24025 | Gauntlet | Identified the ring of Avargh {Will+ Dex+2}
 24171 | Orc:1    | Noticed Sonja
 24171 | Orc:1    | Noticed Harold
 24182 | Orc:1    | Killed Harold
 24183 | Orc:1    | Reached skill level 22 in Polearms
 24184 | Orc:1    | Killed Sonja
 24621 | Orc:1    | Noticed Maurice
 24630 | Orc:1    | Killed Maurice
 24909 | Orc:2    | Found a staircase to the Elven Halls.
 24975 | Orc:2    | Noticed Nessos
 24987 | Orc:2    | Killed Nessos
 25028 | Orc:2    | Found Somimyokh's Magic Scroll Shop.
 25033 | Orc:2    | Received a gift from Trog
 25059 | Orc:2    | Reached skill level 23 in Polearms
 25114 | Orc:2    | Found Alaoh's General Store.
 25121 | Orc:2    | Found Zefett's Magic Scroll Shoppe.
 25130 | Orc:2    | Found Merch's Antique Armour Shoppe.
 25138 | Orc:2    | Bought a pair of runed gloves for 232 gold pieces
 25418 | Snake:1  | Entered Level 1 of the Snake Pit
 25624 | Snake:1  | Found a transporter.
 25625 | Snake:1  | Noticed a hellephant
 25638 | Snake:1  | Found a one-way gate to the infinite horrors of the Abyss.
 25648 | Snake:1  | Found a transporter.
 25660 | Snake:1  | Noticed Fatiaw's ghost (adept OpTm)
 25897 | Snake:1  | Found Lebbuuroga's Antique Weapon Shoppe.
 26323 | Snake:2  | Received a gift from Trog
 26330 | Snake:2  | Reached skill level 24 in Polearms
 26333 | Snake:2  | Reached XP level 17. HP: 109/140 MP: 17/17
 26961 | Snake:2  | Reached skill level 25 in Polearms
 27256 | Snake:2  | Noticed Aizul
 27278 | Snake:2  | Killed Aizul
 27498 | Snake:2  | Noticed Frances
 27513 | Snake:2  | Killed Frances
 28125 | Snake:3  | Reached skill level 26 in Polearms
 28664 | Snake:4  | Entered Level 4 of the Snake Pit
 28750 | Snake:4  | Found a runed translucent gate.
 28751 | Snake:4  | Identified the +4 trident of Salt {flame, Str-2 Int+2
                  | Dex+4}
 28818 | Snake:4  | Noticed a quicksilver dragon
 28824 | Snake:4  | Reached skill level 15 in Fighting
 28824 | Snake:4  | Killed a quicksilver dragon
 28825 | Snake:4  | Noticed a quicksilver dragon
 29189 | Snake:4  | Received a gift from Trog
 29312 | Snake:4  | Killed a quicksilver dragon
 29320 | Snake:4  | Reached XP level 18. HP: 65/149 MP: 18/18
 29477 | Snake:4  | Found a runed translucent gate.
 29479 | Snake:4  | Found a runed translucent gate.
 29481 | Snake:4  | Noticed hikkokomori's ghost (adept TeBe)
 29481 | Snake:4  | Noticed CertainDeath's ghost (adept MiMo)
 29798 | Snake:4  | Got a serpentine rune of Zot
 30145 | Snake:4  | Killed CertainDeath's ghost
 30162 | Snake:4  | Killed hikkokomori's ghost
 30175 | Snake:4  | Identified the ring "Xuptulea" {rF- rC+ rN++}
 30388 | Swamp:1  | Entered Level 1 of the Swamp
 30394 | Swamp:1  | Noticed Jorgrun
 30397 | Swamp:1  | Reached skill level 10 in Dodging
 30410 | Swamp:1  | Killed Jorgrun
 30420 | Swamp:1  | Found a frozen archway.
 30442 | IceCv    | Entered an ice cave
 30863 | IceCv    | Noticed an Ice Fiend
 30876 | IceCv    | Killed an Ice Fiend
 31376 | Swamp:1  | Received a gift from Trog
 32062 | Swamp:2  | Identified the +0 cloak of the Slug {Will+ Dex+4}
 33084 | Swamp:3  | Received a gift from Trog
 33174 | Swamp:4  | Entered Level 4 of the Swamp
 33226 | Swamp:4  | Reached XP level 19. HP: 134/157 MP: 19/19
 33474 | Swamp:4  | Reached skill level 15 in Throwing
 34396 | Swamp:4  | Got a decaying rune of Zot
 34816 | Elf:1    | Entered Level 1 of the Elven Halls
 34846 | Elf:1    | Found Bustiote's General Store.
 34924 | Elf:1    | Found Onwao's Antique Weapon Shoppe.
 35257 | Elf:1    | Identified the +5 trident of Greatest Utility {vorpal, rF+
                  | rN+} (Trog gifted it to you on level 1 of the Elven Halls)
 35257 | Elf:1    | Received a gift from Trog
 35335 | Elf:1    | Paralysed by an air elemental for 1 turns
 35338 | Elf:1    | Paralysed by an air elemental for 1 turns
 35344 | Elf:1    | Paralysed by an air elemental for 1 turns
 35479 | Elf:1    | Found Neyhos's Antique Armour Shop.
 36220 | Elf:2    | Found Byulir's Antique Weapon Emporium.
 36266 | Elf:2    | Paralysed by an air elemental for 1 turns
 36594 | Elf:2    | Reached XP level 20. HP: 166/168 MP: 20/20
 36598 | Elf:2    | Received a gift from Trog
 36604 | Elf:2    | Found a runed translucent gate.
 36605 | Elf:2    | Found a runed translucent gate.
 36605 | Elf:2    | Found a runed translucent gate.
 37360 | Elf:3    | Entered Level 3 of the Elven Halls
 37737 | Elf:3    | Reached ****** piety under Trog
 37772 | Elf:3    | Received a gift from Trog
 37950 | Elf:3    | Noticed a Brimstone Fiend
 38332 | Elf:3    | Identified the ring "Teejy" {rN+ Str+3 SInv}
 38366 | Elf:3    | Identified the +4 glaive "Otzuqireph" {venom, rC+ Will+
                  | Stlth+}
 38366 | Elf:3    | Identified the +3 leather armour "Lusiymew" {Str+7 Int+4
                  | Slay-2}
 38373 | Elf:3    | Identified the +3 sling of Wyrd {flame, *Corrode rElec
                  | Str+7}
 38373 | Elf:3    | Noticed Donald
 38392 | Elf:3    | Killed Donald
 38393 | Elf:3    | Reached skill level 10 in Evocations
 39342 | Vaults:1 | Entered Level 1 of the Vaults
 39577 | Vaults:1 | Reached XP level 21. HP: 178/178 MP: 21/21
 39651 | Vaults:1 | Received a gift from Trog
 40748 | Vaults:1 | Found a runed translucent gate.
 40749 | Vaults:1 | Found a runed translucent gate.
 40749 | Vaults:1 | Found a runed translucent gate.
 40749 | Vaults:1 | Noticed slphil's ghost (veteran DjFE)
 40769 | Vaults:1 | Killed slphil's ghost
 40773 | Vaults:1 | Identified the ring "Abotiha" {*Slow rElec rC+ Str+4 Int+8}
 41002 | Vaults:1 | Received a gift from Trog
 41131 | Vaults:2 | Noticed Frederick
 41152 | Vaults:2 | Killed Frederick
 41653 | Vaults:2 | Reached skill level 15 in Armour
 42801 | Vaults:2 | Received a gift from Trog
 43045 | Vaults:2 | You fall into a shaft and drop 1 floor!
 43059 | Vaults:3 | Reached XP level 22. HP: 190/190 MP: 22/22
 43102 | Vaults:3 | Received a gift from Trog
 43273 | Vaults:3 | Found Nuvawk's Jewellery Shoppe.
 43485 | Vaults:3 | Noticed Asterion
 43496 | Vaults:3 | Killed Asterion
 43544 | Vaults:3 | Found a staircase to the Crypt.
 43923 | Vaults:3 | Identified the +1 sling of Truncation {venom, Fly}
 44829 | Vaults:2 | Received a gift from Trog
 45059 | Vaults:4 | Noticed Boris
 45069 | Vaults:4 | Killed Boris
 45347 | Vaults:4 | Received a gift from Trog
 45684 | Vaults:4 | Reached XP level 23. HP: 103/199 MP: 23/23
 46345 | Vaults:5 | Entered Level 5 of the Vaults
 46459 | Vaults:5 | Received a gift from Trog
 46471 | Vaults:5 | Noticed a golden dragon
 46477 | Vaults:5 | Killed a golden dragon
 46555 | Vaults:5 | Reached skill level 27 in Polearms
 46699 | Vaults:5 | Identified the ring "Ucappuc" {rElec rF- rN+ Will+ Str+2}
 46798 | Vaults:5 | Identified the +1 short sword of the Pits of Slime {vorpal,
                  | rElec Int+3}
 46807 | Vaults:5 | Noticed a dread lich
 46816 | Vaults:5 | Killed a dread lich
 46967 | Vaults:5 | Received a gift from Trog
 47145 | Vaults:5 | Noticed a dread lich
 47151 | Vaults:5 | Identified the amulet "Suuhy" {RegenMP *Slow rF+++ Str+3
                  | Dex+2}
 47162 | Vaults:5 | Killed a dread lich
 47174 | Vaults:5 | HP: 6/197 [tengu reaver/+0 great mace (16)]
 47174 | Vaults:5 | Slain by a tengu reaver

Illustrated notes

Levels and vault maps discovered:
D:1:      erik_arrival_orb_chamber, layout_loops_ring,
          hellmonk_ecumenical_altar_arch_garden
D:2:      layout_rooms, chequers_serial_rivers_micro_c, minmay_mini_jars
D:3:      layout_loops_ring, nicolae_elyvilon_temple_path,
          minmay_misc_feat_ornament, st_stairs_6, nicolae_titane
D:4:      layout_basic, kennysheep_mini, serial_shops,
          nicolae_shop_hallway_plus, shop, uniq_menkaure
D:5:      layout_basic, enter_ossuary_5, minmay_fractal_squares_gapless_5
D:6:      layout_loops_ring, minmay_temple_entry_slanted, uniq_grinder
D:7:      layout_layer_cave, yredelemnul_forgotten_temple_becter, serial_rivers,
          chequers_serial_rivers_large_a, chequers_serial_rivers_micro_e,
          chequers_serial_rivers_micro_e, chequers_serial_rivers_room_b,
          chequers_serial_rivers_marsh
D:8:      layout_cave_pods, mainiacjoe_overflow_catwalk,
          mainiacjoe_overflow_large_starburst, uniq_joseph, uniq_gastronok,
          uniq_psyche
D:9:      layout_loops_ring, grunt_temple_overflow_opulence,
          mainiacjoe_overflow_cross_hatched, serial_shops,
          nicolae_shop_advertising_works [nicolae_subvault_shop_adworks],
          nicolae_shop_statue_plus, shop
D:10:     layout_rooms, mainiacjoe_overflow_small_starburst,
          mainiacjoe_overflow_concentric_impassable, erik_lair_dragon,
          kennysheep_generic_room_9
D:11:     layout_loops_ring, zombieorc2_lemuel
D:12:     layout_roguey
D:13:     layout_loops_ring, dancing_weapons_uskayaw
D:14:     layout_roguey, skrybe_vaults_entry_preservation,
          kennysheep_pointless_box, serial_shops, nicolae_shop_waterfront,
          minmay_increasing_density
D:15:     gammafunk_enter_depths_forms, layout_long_grid, basic_altar
Lair:1:   layout_regular_city, serial_bayou_shore_a
Lair:2:   layout_regular_city, cheibrodos_lair_caveside_slide, minmay_holes,
          chequers_serial_rivers_micro_a
Lair:3:   layout_small_grid, palyth_hydra_swamp_entry,
          guppyfry_snake_entry_island, nicolae_quartered_pool_super,
          infiniplex_staircase_pool, uniq_fannar
Lair:4:   layout_hall_layers, slime_entry_1, serial_rivers,
          chequers_serial_rivers_micro_a, chequers_serial_rivers_small_a,
          chequers_serial_rivers_small_b, chequers_serial_rivers_room_b,
          lemuel_fruit_tree, lemuel_fruit_fields
Lair:5:   evil_forest, layout_layer_cave, nicolae_volcano_entry_lava_flow,
          evilmike_ambush [evilmike_ambush_outer_corners,
          evilmike_ambush_inner_basic]
Swamp:1:  layout_basic_swamp, portal_ice_cave_entry_pillars_1,
          evilmike_swamp_ruin_house_2, uniq_jorgrun
Swamp:2:  layout_falls_marsh, hangedman_swamp_blocks
Swamp:3:  layout_basic_swamp, evilmike_swamp_ruin_rubble_1,
          infiniplex_staircase_pool_2
Swamp:4:  swamp, layout_basic_swamp
Snake:1:  layout_gridlike, serial_shops, shop, gammafunk_ghost_abyssal_escape,
          nicolae_triple_integral
Snake:2:  layout_chambers, minmay_snake_pond, uniq_frances, uniq_aizul
Snake:3:  layout_layer_cave
Snake:4:  hellmonk_snake_rune_quicksilver_temple, layout_gridlike,
          gammafunk_ghost_cemetery
Orc:1:    layout_caves, kennysheep_orc_chapel, uniq_maurice, uniq_sonja,
          uniq_harold
Orc:2:    st_orc_elflike, layout_caves, gauntlet_entry_generic,
          hellmonk_bongcloud_opening, uniq_nessos
Elf:1:    layout_geoelf_octagon, serial_shops, shop, shop_fountains, shop,
          special_room [special_room_orc], hangedman_elf_represent,
          dreamdust_mushroom_princess, minivault_25
Elf:2:    nicolae_elf_blades_crystal_corner, layout_geoelf_diagonals,
          serial_shops, nicolae_shop_temple_entry_statues_fountains
Elf:3:    grunt_elf_hall_asides, layout_loops_cross, uniq_donald
Vaults:1: ebering_ghost_rock_garden, v_misc_3, v_misc_26,
          nicolae_vaults_little_squares_1, v_alt_pattern_4,
          ontoclasm_vaults_gateway, ontoclasm_vaults_eye, ontoclasm_vaults_chip,
          vaults_room_hallway, layout_vaults_chaotic_city
Vaults:2: ontoclasm_vaults_misaligned, nicolae_vaults_little_squares_3,
          st_diamondy, ontoclasm_vaults_ring_small, vaults_mumra_hexcomb,
          v_rooms_2, grunt_vaults_hallway_long, nicolae_vaults_asterisk,
          layout_vaults_omnigrid, uniq_frederick
Vaults:3: vaults_room_grunt_arrival_checkpoint, hangedman_vaults_river_flow,
          v_alt_pattern_1, vaults_mumra_hex, v_misc_2, v_misc_26,
          hangedman_vaults_cutoff, ontoclasm_vaults_claustrophobia,
          minmay_crypt_entry_simple_statues, v_misc_17, vaults_room_pool,
          vaults_dpeg_diagonal, vaults_room_hallway,
          ontoclasm_vaults_ring_square, ontoclasm_vaults_shout,
          layout_vaults_omnicross, serial_shops,
          nicolae_shop_temple_entry_statues_fountains, uniq_asterion
Vaults:4: nicolae_vaults_ninety_degrees, vaults_room_grunt_arrival_ludios,
          vaults_room_pools, nicolae_vaults_alarming, vaults_mumra_chevron,
          hangedman_vaults_restitches, v_misc_11, hangedman_vaults_hat,
          nicolae_vaults_little_squares_1, v_misc_19, ontoclasm_vaults_hangar,
          layout_vaults_maze, uniq_boris
Vaults:5

Skill      XL: |  1  2  3  4  5  6  7  8  9 10 11 12 13 14 15 16 17 18 19 20 21 22 23 |
---------------+----------------------------------------------------------------------+-----
Polearms       | 5 6 7 9 11 14 17 20 24 26 27 | 27.0
Armour         | 2 3 4 5 6 7 10 11 12 13 15 17 18 | 18.1
Fighting       | 4 5 6 10 12 13 14 15 16 17 18 20 21 | 21.5
Throwing       | 3 6 10 12 14 16 | 16.0
Stealth        | 3 |  3.0
Evocations     | 1 5 7 10 | 10.0
Dodging        | 7 8 9 11 12 | 12.5

Action                   |  1- 3 |  4- 6 |  7- 9 | 10-12 | 13-15 | 16-18 | 19-21 | 22-24 || total
-------------------------+-------+-------+-------+-------+-------+-------+-------+-------++-------
Melee: Spear             |   125 |   266 |   155 |       |       |       |       |       ||   546
       Punch             |     1 |     1 |     1 |     1 |     4 |       |       |       ||     8
       Tailslap          |       |     2 |       |       |       |     5 |    14 |     6 ||    27
       Halberd           |       |       |   167 |   903 |   227 |   114 |       |       ||  1411
       Trident           |       |       |       |    23 |   177 |       |       |       ||   200
       Glaive            |       |       |       |       |   576 |       |       |       ||   576
       Lochaber axe      |       |       |       |       |    11 |   945 |  1129 |   587 ||  2672
Throw: Stone             |       |     9 |     1 |     6 |     8 |       |       |       ||    24
       Dart              |       |       |       |     3 |    23 |     9 |       |     2 ||    37
       Boomerang         |       |       |       |       |    18 |    44 |     4 |     1 ||    67
       Javelin           |       |       |       |       |       |     6 |       |       ||     6
Invok: Berserk           |     1 |     1 |     5 |    11 |    11 |    15 |    14 |     7 ||    65
       Trog's Hand       |       |       |     2 |     4 |    12 |    12 |     6 |     4 ||    40
       Brothers in Arms  |       |       |       |       |     3 |     2 |     1 |     3 ||     9
Evoke: Wand              |       |       |       |     8 |     2 |     4 |    19 |       ||    33
       Lightning rod     |       |       |       |       |       |       |       |     4 ||     4
       Phial of floods   |       |       |       |       |       |       |       |     1 ||     1
  Use: Scroll            |       |     2 |    13 |     9 |    10 |     3 |     2 |     1 ||    40
       Potion            |       |       |       |     1 |       |       |     3 |     4 ||     8
 Stab: Sleeping          |     6 |       |       |       |       |       |       |       ||     6
       Distracted        |       |       |     1 |       |       |       |     3 |     1 ||     5
Armor: Animal skin       |    17 |       |       |       |       |       |       |       ||    17
       Ring mail         |       |    38 |       |       |       |       |       |       ||    38
       Chain mail        |       |    24 |    93 |   327 |   422 |   493 |   386 |       ||  1745
       Crystal plate arm |       |       |       |       |       |    31 |   240 |   222 ||   493
Dodge: Dodged            |    47 |    81 |    90 |   399 |   383 |   344 |   412 |   125 ||  1881

Table legend: (Time is in decaauts)
 A = Elapsed time spent in this place.
 B = Non-inter-level travel time spent in this place.
 C = Inter-level travel time spent in this place.
 D = Time resting spent in this place.
 E = Time spent auto-exploring this place.
 F = Levels seen in this place.
 G = Mean time per level.
                   A        B        C        D        E       F      G
               +--------+--------+--------+--------+--------+-----+--------+
         Total |  45775 |  42022 |   3753 |   5533 |  27472 |  43 | 1064.5 |
       Dungeon |  16336 |  14847 |   1489 |   1784 |  10502 |  15 | 1089.1 |
          Lair |   6397 |   5524 |    873 |    425 |   3966 |   5 | 1279.4 |
         Swamp |   3068 |   2884 |    184 |    693 |   1469 |   4 |  767.0 |
     Snake Pit |   4809 |   4562 |    247 |    545 |   3140 |   4 | 1202.2 |
  Orcish Mines |   1523 |   1264 |    259 |     73 |    864 |   2 |  761.5 |
   Elven Halls |   3808 |   3500 |    308 |    375 |   2266 |   3 | 1269.3 |
        Vaults |   6927 |   6535 |    392 |    973 |   4075 |   5 | 1385.4 |
         Abyss |    555 |    555 |      0 |     78 |    227 |   1 |  555.0 |
       Ossuary |    421 |    421 |      0 |      0 |    287 |   1 |  421.0 |
      Ice Cave |    795 |    795 |      0 |    275 |    255 |   1 |  795.0 |
       Volcano |    213 |    213 |      0 |     55 |     21 |   1 |  213.0 |
      Gauntlet |    917 |    917 |      0 |    252 |    399 |   1 |  917.0 |
               +--------+--------+--------+--------+--------+-----+--------+

Top non-repeatable levels by time:
    D:14: 1884 daAuts
Vaults:1: 1797 daAuts
 Snake:2: 1769 daAuts
Vaults:2: 1687 daAuts
  Lair:5: 1660 daAuts
    D:10: 1504 daAuts
  Lair:3: 1420 daAuts
     D:7: 1414 daAuts
 Snake:4: 1413 daAuts
Vaults:4: 1379 daAuts
   Elf:1: 1372 daAuts
   Elf:2: 1308 daAuts
Vaults:3: 1299 daAuts
  Lair:1: 1226 daAuts
 Swamp:4: 1209 daAuts
